 Dungeon Crawl Stone Soup version 0.32-a0-720-g1d96ad090f (webtiles) character file.

Game seed: 2418685871612175601

70 Nvm9 the Trooper (level 4, 0/35 HPs)
             Began as a Demonspawn Fighter on Mar 16, 2024.
             Slain by an orc
             ... wielding a +0 trident
              (4 damage)
             ... on level 3 of the Dungeon.
             The game lasted 00:02:12 (1481 turns).

Nvm9 the Trooper (Demonspawn Fighter)               Turns: 1481, Time: 00:02:14

Health: 0/35       AC:  6    Str: 15 (18) XL:     4   Next: 4%
Magic:  4/4        EV:  7    Int:  7 (8)  God:
Gold:   101        SH:  4    Dex: 11 (13) Spells: 3/3 levels left

rFire   . . .        a - +0 war axe
rCold   . . .        c - +0 buckler
rNeg    . . .        b - +0 scale mail
rPois   .            (no helmet)
rElec   .            (no cloak)
rCorr   .            (no gloves)
SInv    .            (no boots)
Will    .....        (no amulet) Stlth
                     (no ring)
HPRegen 0.25/turn    (no ring)
MPRegen 0.09/turn

%: no passive effects
@: attractive
A: demonic magic 1, weakness stinger 1
a: no special abilities


You were on level 3 of the Dungeon.
You visited 1 branch of the dungeon, and saw 3 of its levels.

You collected 101 gold pieces.

Inventory:

Hand Weapons
 a - a +0 war axe (weapon)
Missiles
 m - 4 poisoned darts (quivered)
Armour
 b - a +0 scale mail (worn)
 c - a +0 buckler (worn)
 k - an orb of light
Jewellery
 h - a +5 ring of evasion
 i - a ring of willpower
 p - a ring of fire
Scrolls
 g - a scroll of enchant weapon {unknown}
 j - a scroll of fear {unknown}
Potions
 d - 2 potions of might
 f - a potion of attraction
 l - a potion of curing {unknown}
 n - a potion of heal wounds {unknown}
 o - a potion of cancellation {unknown}
 q - a potion of lignification {unknown}


   Skills:
 * Level 3.5 Fighting
 * Level 2.5 Axes
 * Level 3.2 Armour
 * Level 3.2 Shields


You had 3 spell levels left.
You didn't know any spells.
Your spell library contained the following spells:

 Spells                   Type           Power      Damage    Failure   Level
 Apportation              Tloc           0%         N/A       93%         1
 Magic Dart               Conj           0%         1d3       93%         1
 Blink                    Tloc           0%         N/A       98%         2
 Call Imp                 Summ           0%         N/A       98%         2
 Jinxbite                 Hex            0%         N/A       98%         2
 Animate Armour           Summ/Erth      0%         N/A       100%        4
 Summon Lightning Spire   Summ/Air       0%         N/A       100%        4
 Alistair's Intoxication  Alch           0%         N/A       100%        5
 Lee's Rapid Deconstruct  Erth           0%         3d4*      100%        5


Dungeon Overview and Level Annotations

Branches:
Dungeon (3/15)

Altars:


Innate Abilities, Weirdness & Mutations

Spells you cast may paralyse adjacent enemies.
You have a small tail.


Message History

You kill the orc!
You block the orc's attack.
An endoplasm comes into view.
The orc hits you with a +0 dagger. The orc hits you but does no damage.
Things that are here:
a +0 whip; a +0 leather armour You barely miss the orc.
The endoplasm quivers.
Your tail-slap misses the orc.
You barely miss the orc. The orc hits you but does no damage.
The orc hits you with a +0 trident. The orc hits you but does no damage.
The orc hits you with a +0 trident!
You hit the orc.
The orc is moderately wounded.
You barely miss the orc. The orc hits you with a +0 dagger.
The orc hits you but does no damage.
You barely miss the orc.
The orc is moderately wounded.
You hit the orc but do no damage. The orc hits you with a +0 dagger.
The orc hits you with a +0 trident. The orc closely misses you.
The orc barely misses you.
You are too injured to fight recklessly!
You are too injured to fight recklessly!
You are too injured to fight recklessly!
The orc hits you from afar with a +0 trident!
* * * LOW HITPOINT WARNING * * *
Things that are here:
a +0 dagger; an orc corpse You closely miss the orc.
The orc barely misses you.
The orc hits you from afar with a +0 trident.
* * * LOW HITPOINT WARNING * * *
It was a potion of attraction.
You feel attractive to monsters. The orc hits you but does no damage. x2
It was a potion of degeneration.
There was something very wrong with that liquid.
You feel weakened.
You feel dopey.
You feel clumsy. The orc hits you with a +0 dagger.
* * * LOW HITPOINT WARNING * * *
The orc hits you from afar with a +0 trident.
You die...

#.###.# . ......#.##.
## .....##..... ..
........ ...# .#
......#####..######.#
........... ........#
..#......# #oJ....#
..#...ß.# #oß...#
.......# ##@)..#
..#...## ##...#
.....## ##..# .###.#
#..# ..#..+ #..#
.....# #..# .....##
##..####.# .#....##
##........# .##....##
##...#######


You could see 2 orcs and an endoplasm.

Vanquished Creatures
  2 adders (D:3)
  2 ribbon worms (D:2)
  A dart slug (D:1)
  3 orcs (D:3)
  2 bats
  2 endoplasms (D:1)
  2 giant cockroaches (D:1)
  3 goblins
  5 hobgoblins (D:1)
  3 quokkas (D:1)
  6 ball pythons
  3 frilled lizards
  6 kobolds (D:1)
  4 rats
44 creatures vanquished.

Notes
Turn   | Place    | Note
-------+----------+-------------------------------------------
     0 | D:1      | Nvm9 the Demonspawn Fighter began the quest for the Orb.
     0 | D:1      | Reached XP level 1. HP: 18/18 MP: 1/1
   153 | D:1      | Gained mutation: Spells you cast may paralyse adjacent
                  | enemies. [demonic ancestry]
   153 | D:1      | Reached XP level 2. HP: 19/24 MP: 2/2
   463 | D:1      | Reached XP level 3. HP: 23/29 MP: 3/3
  1472 | D:3      | Gained mutation: You have a small tail. [demonic ancestry]
  1472 | D:3      | Reached XP level 4. HP: 35/35 MP: 4/4
  1481 | D:3      | Slain by an orc

Illustrated notes

Levels and vault maps discovered:
D:1:      dpeg_arrival_tiny_h, layout_rooms, minmay_tree_intersection,
          minmay_misc_feat_five, minmay_misc_feat_pillars
D:2:      layout_loops_ring, kennysheep_nub, nicolae_twisty_statue_hallways
D:3:      layout_basic, nicolae_overflow_ecumenical_swirl

Skill      XL: |  1  2 |
---------------+-------+-----
Axes           | 2 |  2.5
Armour         | 3 |  3.2
Shields        | 3 |  3.2
Fighting       | |  3.5

Action                     |  1- 3 |  4- 6 || total
---------------------------+-------+-------++-------
  Melee: War axe           |   118 |     5 ||   123
    Use: Potion            |       |     2 ||     2
 Armour: Scale mail        |    85 |    16 ||   101
  Dodge: Dodged            |    46 |     4 ||    50
  Block: Buckler           |    30 |     2 ||    32

Table legend: (Time is in decaauts)
 A = Elapsed time spent in this place.
 B = Non-inter-level travel time spent in this place.
 C = Inter-level travel time spent in this place.
 D = Time resting spent in this place.
 E = Time spent auto-exploring this place.
 F = Levels seen in this place.
 G = Mean time per level.
                   A        B        C        D        E       F      G
               +--------+--------+--------+--------+--------+-----+--------+
         Total |   1533 |   1515 |     18 |     71 |   1088 |   3 |  511.0 |
       Dungeon |   1533 |   1515 |     18 |     71 |   1088 |   3 |  511.0 |
               +--------+--------+--------+--------+--------+-----+--------+

Top non-repeatable levels by time:
     D:2: 735 daAuts
     D:1: 700 daAuts
     D:3: 97 daAuts
